 Dungeon Crawl Stone Soup version 0.28-a0-653-g7e9dba17c3 (webtiles) character file.

Game seed: 12313314386282289288

9 ryw the Skirmisher (level 2, 23/23 HPs)
             Began as a Demonspawn Gladiator on Oct 12, 2021.
             Quit the game on level 1 of the Dungeon.
             The game lasted 00:00:51 (539 turns).

ryw the Skirmisher (Demonspawn Gladiator)            Turns: 539, Time: 00:00:52

Health: 23/23      AC:  3    Str: 14    XL:     2   Next: 6%
Magic:  2/2        EV: 12    Int:  9    God:
Gold:   12         SH:  0    Dex: 14    Spells: 1/1 levels left

rFire   . . .      SeeInvis .     - Unarmed
rCold   . . .      Faith    .   (no shield)
rNeg    . . .      Spirit   .   a - +0 leather armour
rPois   .          Reflect  .   (helmet restricted)
rElec   .          Harm     .   (no cloak)
rCorr   .          Rampage  .   (no gloves)
Will    .....                   (no boots)
Stlth   +.........              (no amulet)
HPRegen 0.07/turn               (no ring)
MPRegen 0.08/turn               (no ring)

@: no status effects
A: antennae 1
a: no special abilities


You were on level 1 of the Dungeon.
You visited 1 branch of the dungeon, and saw 1 of its levels.

You collected 12 gold pieces.

Inventory:

Missiles
 c - 3 throwing nets (quivered)
 d - 7 poisoned darts
Armour
 a - a +0 leather armour (worn)
 b - a +0 helmet


   Skills:
 + Level 2.8 Fighting
 - Level 1.7 Throwing
 - Level 2.6 Dodging
 - Level 2.6 Unarmed Combat


You had one spell level left.
You didn't know any spells.
Your spell library was empty.

Dungeon Overview and Level Annotations

Branches:
Dungeon (1/15)

Altars:


Innate Abilities, Weirdness & Mutations

You have a pair of small antennae on your head.


Message History

No target in view!
The dart slug launches a dart at you. The slug dart misses you.
You see here a +0 dagger.
You hit the dart slug.
The dart slug is almost dead.
The dart slug misses you.
You hit the dart slug.
You kill the dart slug!
You have reached level 2!
Your demonic ancestry asserts itself...
A pair of antennae grows on your head!
Your +0 helmet falls away!
You see here a dart slug corpse.
You sense a monster nearby.
You see here 7 poisoned darts.
d - 7 poisoned darts A hobgoblin comes into view.
The hobgoblin shouts!
The hobgoblin barely misses you.
You barely miss the hobgoblin. The hobgoblin barely misses you.
You barely miss the hobgoblin. The hobgoblin hits you.
You closely miss the hobgoblin.
The hobgoblin hits you but does no damage.
You hit the hobgoblin.
The hobgoblin is moderately wounded.
The hobgoblin closely misses you.
You closely miss the hobgoblin.
The hobgoblin is moderately wounded.
The hobgoblin hits you.
You hit the hobgoblin.
You kill the hobgoblin!
No target in view!
No target in view!
You see here a hobgoblin corpse.
Found a whip.
Found a stone staircase leading down.
A jackal comes into view.
A jackal is nearby!
No target in view!
Are you sure you want to abandon this character and quit the game? (Confirm with "yes".)

.........#
........#
.......# ......#
## .....# ####.
....# #.... #...#
###.... #@..#
#...... ##..#
#...... #.##
#...... ##.#
#...#.. #..#####
...#...
...#######......#
..##...
................#
#...#
..######.#....).#
##...# #........#
###....#


There were no monsters in sight!

Vanquished Creatures
  A dart slug (D:1)
  3 goblins (D:1)
  A hobgoblin (D:1)
  A kobold (D:1)
  A rat (D:1)
7 creatures vanquished.

Notes
Turn   | Place    | Note
-------+----------+-------------------------------------------
     0 | D:1      | ryw the Demonspawn Gladiator began the quest for the Orb.
     0 | D:1      | Reached XP level 1. HP: 16/16 MP: 1/1
   413 | D:1      | Gained mutation: You have a pair of small antennae on your
                  | head. [demonic ancestry]
   413 | D:1      | Reached XP level 2. HP: 23/23 MP: 2/2
   539 | D:1      | Quit the game

Illustrated notes

Levels and vault maps discovered:
D:1:      dpeg_arrival_arbitrary_a, layout_basic,
          dreamdust_ecumenical_altar_sealed_demon, minmay_cut_off

Action                   || total
-------------------------++-------
Melee: Unarmed           ||    41
Armor: Leather armour    ||    11
Dodge: Dodged            ||    22

Table legend: (Time is in decaauts)
 A = Elapsed time spent in this place.
 B = Non-inter-level travel time spent in this place.
 C = Inter-level travel time spent in this place.
 D = Time resting spent in this place.
 E = Time spent auto-exploring this place.
 F = Levels seen in this place.
 G = Mean time per level.
                   A        B        C        D        E       F      G
               +--------+--------+--------+--------+--------+-----+--------+
         Total |    537 |    519 |     18 |    268 |    180 |   1 |  537.0 |
       Dungeon |    537 |    519 |     18 |    268 |    180 |   1 |  537.0 |
               +--------+--------+--------+--------+--------+-----+--------+

Top non-repeatable levels by time:
     D:1: 537 daAuts
